AoeStats
← JMA

Nomad

510200954Analyzed
2v2 RM · 1d ago on Sep 29, 2026· 35m 22s· 4 players
Game mode
Random Map
Map size
176×176
Population
200
Speed
Normal
Resources
Standard
Victory
Conquest
Starting age
Dark Age
Ending age
Imperial Age
RankedLock teamsTeams togetherTeam positionsShared explorationLock speedFull tech treeHidden civsTurbo modeCheats
Victory
Defeat
🇦🇷 Bulgarians · Argentina
822
+15
🇦🇷 Byzantines · Argentina
813
+15
🇧🇷 Italians · Brazil
825
-16
🇧🇷 Franks · Brazil
776
-14
Ribamonstro
13:13 Feudal Age
11:35 Loom
13:51 Double-Bit Axe
13:38 Man-at-Arms
22:18 Gold Mining
23:12 Scale Mail Armor
26:39 Castle Age
24:43 Stone Mining
27:30 Squires
28:19 Long Swordsman
29:03 Pikeman
31:49 Bow Saw
35:23 Forging
35:33 Chain Mail Armor
leticiav1995
10:27 Loom
15:26 Feudal Age
20:55 Man-at-Arms
26:05 Forging
30:57 Castle Age
29:14 Scale Mail Armor
29:20 Scale Barding Armor
29:25 Double-Bit Axe
29:34 Stone Mining
33:32 Bow Saw
34:07 Husbandry
TATALONGO II
11:44 Loom
14:08 Feudal Age
22:20 Arson
30:13 Castle Age
28:55 Fletching
29:48 Double-Bit Axe
30:45 Pikeman
31:53 Light Cavalry
32:46 Bloodlines
33:13 Horse Collar
35:11 Scale Barding Armor
JMA
14:25 Loom
17:36 Feudal Age
18:44 Double-Bit Axe
21:46 Horse Collar
27:03 Fletching
34:13 Castle Age
36:10 Bow Saw
Connection lost

Rejoining the realm…

Still unreachable

The connection could not be restored.

Session expired

The server has moved on; the page needs a fresh start.